Map: Arctic Flowers LE

Players

Czapa

  • Race: Terran Terran
  • League: Master
  • Spawn Location: 1:00

Manniak

  • Race: Protoss Protoss
  • Spawn Location: 1:00

Ekelpack - Winner!

  • Race: Zerg Zerg
  • Spawn Location: 7:00

Nyck - Winner!

  • Race: Terran Terran
  • Spawn Location: 7:00

VOD

Have the link to the VOD?

Description

Time

  • Played on: Feb. 11, 2025, 2:25 p.m.
  • Length: 15:34
Show
View Real Time Build Order
Export as new Build Order

Czapa Terran 

Build Orders:  

Get SALT Encoding   

  12  0:00  SCV  
  13  0:13  SCV  
  14  0:25  Supply Depot, SCV  
  15  0:30  Refinery  
  15  0:47  SCV  
  15  0:49  Barracks  
  16  1:02  Barracks  
  16  1:07  SCV  
  17  1:14  Barracks  
  17  1:23  SCV  
  18  1:36  Reaper  
  18  1:39  Orbital Command  
  19  1:48  Supply Depot  
  19  1:52  Reaper  
  20  2:02  Reaper  
  20  2:06  SCV  
  22  2:09  Refinery  
  22  2:15  Supply Depot  
  22  2:28  Reaper  
  23  2:38  Reaper  
  25  2:44  Reaper  
  25  2:48  SCV  
  25  2:51  Command Center  
  26  3:01  Reaper  
  26  3:05  Supply Depot  
  27  3:06  SCV  
  26  3:36  Reaper x2  
  26  3:38  SCV  
  29  3:41  Reaper  
  28  4:14  Barracks Reactor x2  
  26  4:18  Orbital Command, SCV  
  26  4:21  Barracks Tech Lab  
  27  4:30  SCV  
  27  4:42  SCV  
  27  4:45  SCV  
  29  4:51  Factory  
  29  4:54  Marine x2  
  29  4:55  Marine x3  
  29  4:58  Stimpack  
  32  5:00  SCV  
  32  5:02  SCV  
  32  5:03  Command Center  
  33  5:12  SCV, Marine x3  
  33  5:13  Marine x2  
  39  5:14  SCV  
  40  5:24  Barracks  
  40  5:30  Marine x2  
  40  5:32  SCV x2  
  44  5:38  Marine x2  
  44  5:39  Marine  
  47  5:45  Factory Tech Lab  
  47  5:48  Marine x2, Starport  
  49  5:50  SCV x2  
  49  5:56  Marine  
  52  5:57  Marine x2  
  52  6:02  Supply Depot, SCV x2  
  56  6:04  Siege Tank  
  59  6:14  SCV x2, Refinery  
  59  6:18  Barracks Reactor  
  61  6:19  Marine x5  
  61  6:25  Orbital Command  
  66  6:26  SCV, Starport Reactor  
  66  6:27  SCV  
  66  6:32  Refinery  
  68  6:34  Engineering Bay  
  68  6:37  Marine x3  
  68  6:38  SCV, Marine x2  
  68  6:39  SCV  
  75  6:41  Siege Tank  
  78  6:50  SCV  
  78  6:51  SCV  
  78  6:52  SCV  
  81  6:58  Marine x4  
  81  7:00  Combat Shield  
  85  7:01  Engineering Bay  
  85  7:07  Missile Turret  
  85  7:10  Missile Turret  
  85  7:13  Missile Turret  
  85  7:15  Missile Turret  
  85  7:27  Missile Turret  
  85  7:42  Missile Turret  
  85  7:44  Supply Depot  
  85  7:51  Terran Infantry Weapons Level 1, Marine x3, Terran Infantry Armor Level 1, SCV x3, Medivac  
  93  8:04  Armory  
  93  8:05  SCV x2, Marine x4, Medivac  
  101  8:07  Supply Depot x2  
  101  8:13  Missile Turret  
  101  8:16  Orbital Command  
  101  8:28  Marine x6  
  101  8:29  SCV x2, Marine, Medivac  
  112  8:41  Refinery  
  112  8:44  Missile Turret  
  112  8:46  Marine x3, Refinery  
  115  8:49  Marine x2  
  115  8:50  Missile Turret  
  115  8:51  Marine  
  117  9:17  Supply Depot  
  117  9:18  Supply Depot  
  117  9:33  Command Center  
  117  9:35  Supply Depot  
  117  9:39  Siege Tank, Marine x7, Medivac  
  117  9:40  SCV x3  
  117  9:42  Supply Depot  
  132  9:49  Supply Depot  
  132  9:52  SCV  
  133  9:57  SCV x2, Marine x4, Medivac  
  141  10:03  Marine  
  141  10:04  SCV, Marauder  
  145  10:09  SCV x2  
  145  10:10  Supply Depot, Marine  
  145  10:11  Thor  
  154  10:14  Marine  
  154  10:19  Marine x2  
  157  10:28  Terran Infantry Armor Level 2, Terran Infantry Weapons Level 2  
  157  10:32  Marine x2, Terran Vehicle Weapons Level 1, Marauder  
  157  10:34  Marine  
  157  10:35  Supply Depot, Marine  
  162  10:41  Marine  
  162  10:42  Marine  
  164  10:49  Marine  
  164  10:50  Command Center  
  164  10:51  Marine  
  164  10:52  Marine  
  164  10:54  Marauder  
  168  10:59  Thor  
  168  11:00  Medivac x2  
  168  11:01  Barracks  
  168  11:02  Marine x2, Barracks  
  180  11:08  Marine x2  
  180  11:09  Marine  
  180  11:10  Marine  
  184  11:13  SCV x2  
  184  11:15  Marauder  
  188  11:53  Barracks Reactor  
  188  11:54  Barracks Reactor  
  188  12:01  Marine x6, Marauder  
  188  12:02  Siege Tank  
  199  12:19  Marine  
  190  12:45  Marine x3  
  190  12:47  Marine x2  
  153  13:10  Marine x2  
  153  13:11  Marine x2  
  126  13:20  Marine x2  
  121  13:32  Marine  
Show
View Real Time Build Order
Export as new Build Order

Manniak Protoss 

Build Orders:  

Get SALT Encoding   

  12  0:00  Probe  
  13  0:18  Probe  
  14  0:26  Pylon  
  14  0:30  Probe  
  15  0:43  Probe  
  15  0:44  Gateway  
  16  0:51  Probe  
  16  0:52  Assimilator  
  17  1:00  Probe  
  17  1:02  Pylon  
  18  1:10  Probe  
  19  1:22  Gateway, Probe  
  20  1:34  Cybernetics Core  
  20  1:36  Probe  
  21  1:40  Assimilator  
  21  1:48  Probe  
  22  1:55  Warp Gate  
  22  2:00  Probe  
  23  2:10  Stalker  
  23  2:11  Stalker  
  23  2:12  Probe  
  28  2:24  Probe  
  28  2:26  Pylon  
  29  2:37  Stalker  
  29  2:38  Gateway  
  29  2:43  Stalker  
  31  2:48  Probe  
  34  2:53  Pylon  
  34  3:06  Stalker  
  34  3:11  Probe  
  37  3:17  Stalker, Pylon  
  39  3:45  Stalker  
  39  3:46  Stalker  
  43  3:55  Probe  
  42  4:07  Probe  
  39  4:27  Pylon  
  39  4:45  Stargate  
  39  4:52  Robotics Facility  
  39  4:58  Forge  
  39  5:10  Probe  
  39  5:12  Pylon  
  40  5:18  Probe  
  40  5:23  Nexus  
  40  5:25  Protoss Shields Level 1  
  40  5:27  Probe  
  41  5:28  Stalker  
  44  5:39  Probe  
  44  5:42  Observer  
  46  5:43  Twilight Council  
  46  5:57  Probe  
  46  6:00  Charge  
  47  6:04  Gateway  
  47  6:14  Stalker x2  
  47  6:16  Zealot  
  53  6:28  Probe  
  53  6:32  Pylon  
  54  6:35  Shield Battery  
  54  6:39  Stalker  
  56  6:40  Probe  
  56  6:42  Probe  
  58  6:52  Observer  
  59  6:59  Probe x2  
  60  7:06  Stalker  
  60  7:07  Stalker  
  63  7:22  Photon Cannon  
  63  7:36  Stalker  
  65  7:37  Stalker x2  
  69  7:50  Photon Cannon  
  67  8:06  Photon Cannon  
  67  8:07  Pylon  
  67  8:10  Probe  
  67  8:13  Fleet Beacon  
  67  8:18  Probe  
  68  8:25  Blink, Photon Cannon  
  69  8:28  Probe, Protoss Ground Weapons Level 1  
  70  8:48  Assimilator  
  70  8:49  Probe  
  70  8:52  Assimilator, Pylon  
  71  9:01  Probe  
  72  9:13  Probe  
  73  9:17  Observer  
  74  9:26  Probe  
  75  9:35  Gateway, Observer  
  75  9:36  Pylon  
  76  9:43  Stalker x3  
  76  9:44  Stalker  
  84  9:51  Probe  
  84  9:52  Probe  
  86  9:56  Photon Cannon  
  86  9:58  Shield Battery, Nexus  
  85  10:03  Probe  
  85  10:04  Probe  
  85  10:06  Pylon  
  87  10:19  Pylon  
  87  10:24  Carrier  
  93  10:54  Protoss Shields Level 2  
  93  10:55  Shield Battery, Photon Cannon  
  93  10:58  Photon Cannon  
  93  11:00  Photon Cannon  
  93  11:02  Pylon  
  93  11:06  Photon Cannon  
  93  11:07  Probe x2  
  93  11:09  Assimilator, Stalker  
  93  11:10  Stalker  
  93  11:11  Stalker  
  101  11:12  Stalker x2  
  101  11:13  Assimilator  
  101  11:16  Pylon  
  105  11:19  Probe  
  106  11:34  Robotics Bay, Tempest  
  110  11:44  Protoss Air Weapons Level 1  
  109  11:58  Shield Battery  
  109  11:59  Pylon  
  80  12:16  Zealot  
  80  12:17  Zealot x4  
  81  12:24  Carrier  
  49  12:52  Stalker x3  
  49  12:53  Stalker  
  38  13:05  Gateway  
  35  13:06  Gateway  
  31  13:17  Zealot x4  
Show
View Real Time Build Order
Export as new Build Order

Ekelpack Zerg - Winner!

Build Orders: Hatch First 

Get SALT Encoding   

  12  0:00  Drone  
  13  0:12  Overlord  
  13  0:17  Drone  
  14  0:31  Drone x2  
  14  0:35  Drone  
  17  0:46  Drone  
  18  0:56  Hatchery  
  17  1:00  Drone  
  17  1:01  Extractor  
  17  1:11  Spawning Pool  
  17  1:15  Drone  
  17  1:20  Drone  
  18  1:28  Drone  
  19  1:39  Drone  
  20  1:49  Overlord  
  20  2:01  Queen  
  20  2:02  Metabolic Boost  
  20  2:07  Queen  
  24  2:10  Drone  
  24  2:14  Drone  
  26  2:17  Drone  
  26  2:21  Drone  
  28  2:30  Drone x2  
  28  2:34  Drone  
  31  2:38  Lair  
  31  2:40  Drone  
  32  2:44  Extractor  
  31  2:53  Drone x2  
  31  2:54  Overlord  
  33  2:58  Extractor  
  33  3:03  Drone  
  33  3:05  Drone  
  34  3:14  Overlord  
  32  3:34  Queen  
  32  3:36  Queen  
  36  3:50  Zergling x6  
  36  3:51  Zergling x2  
  40  3:59  Zergling x4  
  40  4:00  Zergling x4  
  42  4:14  Zergling x2  
  42  4:15  Zergling x10  
  46  4:24  Drone  
  48  4:38  Drone x3  
  48  4:39  Drone  
  48  4:43  Overlord x2, Extractor  
  50  4:51  Spire  
  49  5:06  Drone x5  
  54  5:07  Overlord  
  54  5:15  Overlord x2  
  54  5:31  Overlord  
  54  5:57  Queen  
  54  6:02  Drone  
  54  6:03  Mutalisk x7  
  54  6:04  Mutalisk x2  
  67  6:06  Zerg Flyer Weapons Level 1  
  75  6:13  Pneumatized Carapace  
  75  6:31  Mutalisk x2  
  75  6:32  Mutalisk x2  
  83  6:56  Overlord  
  83  7:01  Hatchery  
  82  7:11  Drone  
  82  7:12  Drone x2  
  85  7:16  Evolution Chamber  
  85  7:18  Evolution Chamber  
  85  7:21  Infestation Pit  
  82  7:44  Drone x2  
  82  7:45  Drone x6  
  82  7:46  Drone, Overlord x3  
  91  8:01  Zerg Flyer Weapons Level 2  
  91  8:03  Hive  
  91  8:04  Zerg Melee Weapons Level 1, Zerg Ground Armor Level 1  
  91  8:13  Drone x6, Extractor x2  
  95  8:40  Drone x3  
  98  9:04  Overlord x2  
  98  9:17  Ultralisk Cavern, Overlord x3  
  98  9:19  Adrenal Glands  
  97  9:35  Hatchery  
  96  10:00  Zerg Melee Weapons Level 2  
  96  10:02  Zerg Ground Armor Level 2  
  96  10:11  Ultralisk x4  
  96  10:12  Ultralisk x3  
  139  10:14  Zergling x10  
  139  10:15  Zergling x14  
  150  10:51  Drone x2  
  150  10:52  Drone x4, Overlord x3  
  150  10:53  Drone x3  
  150  10:54  Chitinous Plating  
  159  10:59  Drone x3  
  162  11:09  Overlord x2  
  162  11:10  Ultralisk  
  168  11:32  Ultralisk x3  
  186  11:44  Ultralisk x2  
  190  12:08  Zergling x2  
  190  12:09  Zergling x12  
  190  12:10  Zergling x8  
  190  12:12  Anabolic Synthesis  
  195  12:37  Zergling x6, Ultralisk  
  195  12:38  Zergling x2  
  190  12:50  Ultralisk x2  
  190  12:51  Zergling x4  
  136  13:34  Drone x3  
  138  13:36  Hatchery  
  138  13:38  Hatchery  
  137  14:51  Drone  
  138  14:56  Spawning Pool  
  138  14:57  Drone  
Show
View Real Time Build Order
Export as new Build Order

Nyck Terran - Winner!

Build Orders: Reaper Expand 

Get SALT Encoding   

  12  0:00  SCV  
  13  0:12  SCV  
  14  0:17  Supply Depot  
  14  0:24  SCV  
  15  0:39  SCV, Barracks  
  16  0:44  Refinery  
  16  0:51  SCV  
  17  1:03  SCV  
  18  1:15  SCV  
  19  1:28  Orbital Command, Barracks  
  19  1:29  Reaper  
  20  1:54  Command Center  
  20  1:56  SCV  
  21  2:04  Supply Depot  
  21  2:12  SCV  
  22  2:15  Refinery  
  22  2:19  Barracks Tech Lab, Barracks Reactor  
  22  2:26  SCV  
  22  2:44  Marauder  
  24  2:45  Concussive Shells  
  24  2:48  SCV  
  25  2:55  Marine x2  
  27  3:00  SCV  
  28  3:06  Factory  
  28  3:07  Orbital Command  
  28  3:17  Marine x2  
  28  3:18  Marauder  
  32  3:25  SCV  
  33  3:37  SCV x2  
  33  3:40  Marine x2  
  39  3:41  Marauder  
  39  3:49  SCV x2  
  39  3:50  Factory Reactor  
  39  3:51  Starport  
  39  3:53  Combat Shield  
  41  4:01  SCV  
  30  4:20  Marine x2, Marauder  
  30  4:22  SCV x2  
  40  4:31  Hellion x2  
  40  4:32  Medivac  
  40  4:37  Barracks  
  42  4:41  Marine x2  
  42  4:42  Marauder  
  46  4:49  SCV x2  
  46  5:00  Marine x2  
  46  5:01  SCV x2  
  46  5:02  Hellion  
  46  5:05  Medivac  
  54  5:19  Supply Depot  
  54  5:22  Stimpack  
  54  5:28  Barracks Reactor  
  54  5:32  Command Center  
  54  5:40  SCV x2, Medivac  
  54  5:41  Refinery, Hellion  
  60  5:43  Refinery  
  60  5:45  Supply Depot  
  60  5:52  SCV x2  
  62  6:06  Supply Depot, Marine x2  
  62  6:07  Marauder  
  66  6:16  Marine  
  66  6:17  Marine  
  68  6:19  SCV x2  
  68  6:22  Factory Tech Lab  
  70  6:28  Supply Depot  
  70  6:30  Marine  
  70  6:31  SCV x2, Marine  
  76  6:32  Marauder  
  76  6:34  Medivac  
  76  6:39  Supply Depot  
  78  6:43  Medivac  
  78  6:44  SCV, Siege Tank  
  84  6:49  SCV  
  84  6:51  Supply Depot, Orbital Command  
  85  6:58  Command Center  
  85  7:02  Supply Depot  
  85  7:06  Engineering Bay  
  85  7:08  Engineering Bay  
  85  7:09  SCV  
  86  7:26  Marine x3  
  86  7:28  Marine  
  86  7:29  Marauder  
  92  7:30  Siege Tank  
  95  7:37  SCV x2  
  95  7:40  Medivac x2  
  101  7:49  SCV  
  102  7:56  Marine x4  
  102  7:57  Marauder  
  108  7:58  Orbital Command  
  108  8:03  Siege Tank  
  111  8:09  SCV x2  
  111  8:10  Medivac x2  
  117  8:15  Marine x4  
  117  8:18  Marauder  
  124  8:28  SCV x3  
  124  8:30  Orbital Command  
  126  8:38  Siege Tank  
  126  8:40  Medivac x2  
  126  8:41  SCV x3  
  136  8:49  Refinery  
  136  8:51  Marine x4, Refinery  
  140  8:57  Supply Depot, Terran Infantry Weapons Level 1  
  140  8:58  Terran Infantry Armor Level 1, Marauder  
  142  9:03  Armory  
  142  9:14  Marine x4  
  146  9:18  Siege Tank  
  146  9:19  Marauder  
  146  9:21  SCV x3  
  146  9:22  Supply Depot  
  154  9:25  Medivac  
  156  9:44  Marine x4, Medivac  
  162  9:52  Orbital Command  
  162  9:53  SCV x2  
  164  10:01  Supply Depot  
  164  10:15  Terran Vehicle And Ship Armor Level 1, SCV x3, Siege Tank, Marine x4, Marauder, Medivac  
  164  10:20  Medivac  
  180  10:23  SCV  
  180  10:24  Supply Depot  
  181  10:33  SCV x3  
  181  10:43  Refinery  
  181  10:46  SCV x4  
  181  10:47  Refinery  
  181  10:48  Siege Tank  
  181  10:49  Marine x4  
  191  10:50  Marauder  
  191  10:52  Medivac  
  196  10:59  Supply Depot  
  196  11:01  Terran Infantry Weapons Level 2  
  196  11:02  Terran Infantry Armor Level 2  
  196  11:20  Medivac  
  196  11:21  SCV x2  
  196  11:22  Supply Depot  
  200  12:05  Command Center  
  200  12:17  SCV  
  159  14:06  Command Center  
  159  14:14  Command Center  
  154  14:42  Command Center  
  154  14:46  Command Center  
  154  15:22  Supply Depot  
  154  15:24  Supply Depot  
Tags
 
Add a new tag
Caveats
  • Supply blocks, unpowered buildings, or Contaminate may cause inaccurate times.
  • Supply counts are checked every 10 seconds.